 Dungeon Crawl Stone Soup version 0.17-a0-915-g8914353 (webtiles) character file.

6705 Upjohns the Protected (level 10, -3/141 HPs)
             Began as a Minotaur Berserker on May 4, 2015.
             Was a High Priest of Trog.
             Slain by a yak (6 damage)
             ... on level 2 of the Lair of Beasts.
             The game lasted 01:06:29 (9726 turns).

Upjohns the Protected (Minotaur Berserker)          Turns: 9726, Time: 01:06:30

Health: -3/141     AC: 16    Str: 31    XL:     10   Next: 74%
Magic:  3/3        EV: 10    Int:  4    God:    Trog [*****.]
Gold:   391        SH:  0    Dex:  9    Spells: 0 memorised, 9 levels left

rFire  . . .     SeeInvis .     X - +4 great mace (antimagic)
rCold  . . .     Clarity  .     z - +0 plate armour
rNeg   . . .     SustAb   .     (no shield)
rPois  .         Gourm    .     (helmet restricted)
rElec  .         Spirit   .     (no cloak)
rCorr  .         Warding  .     a - +0 pair of gloves
rMut   .         Rnd*Tele +     (no boots)
MR     +....                    (no amulet)
Stlth  ..........               e - ring of teleportation (curse)
                                h - ring of protection from magic

@: berserking, very quick, somewhat resistant to hostile enchantments, extremely
unstealthy
A: retaliatory headbutt, horns 2
a: Burn Spellbooks, Berserk, Trog's Hand, Brothers in Arms, Renounce Religion,
Evoke Teleportation


You were on level 2 of the Lair of Beasts.
You worshipped Trog.
Trog was extremely pleased with you.
You were not hungry.

You visited 3 branches of the dungeon, and saw 11 of its levels.

You collected 391 gold pieces.

Inventory:

Hand weapons
 g - a -3 flail
 i - a +2 vampiric short sword
 k - a +1 spear of piercing
 p - a +0 halberd
 q - a +1 dagger of flaming
 r - a +0 falchion
 v - a +0 whip
 G - a +0 giant club
 I - a +0 quarterstaff
 J - a +0 hunting sling
 N - a +0 rapier
 Q - a +0 trident
 R - a +4 flail
 X - a +4 antimagic great mace (weapon)
 Y - a +0 long sword
Missiles
 u - 28 arrows
 O - 121 stones (quivered)
 S - 26 sling bullets
 V - a throwing net
 Z - 32 bolts
Armour
 a - a +0 pair of gloves (worn)
 n - a cursed +0 scale mail
 o - a +0 ring mail
 z - a +0 plate armour (worn)
 P - a +0 chain mail
 U - a +0 cloak
 W - a +0 scale mail
Jewellery
 e - a cursed ring of teleportation (right hand)
 h - a ring of protection from magic (left hand)
 j - an uncursed ring of protection from cold
 s - a cursed ring of loudness
 t - an uncursed ring of positive energy
Magical devices
 l - a wand of draining (6)
 A - a wand of fire (8)
Scrolls
 c - 2 scrolls of teleportation {unknown}
 d - a scroll of silence {unknown}
 w - a scroll of recharging {unknown}
 y - a scroll of enchant weapon {unknown}
 C - 5 scrolls of identify
 D - 2 scrolls of remove curse
 F - a scroll of fog {unknown}
 H - a scroll of magic mapping {unknown}
 K - 2 scrolls of blinking {unknown}
 M - 2 scrolls of noise {unknown}
 T - 2 scrolls of enchant armour
Potions
 m - 2 potions of haste {unknown}
 x - a potion of berserk rage
 B - a potion of cancellation
 E - a potion of flight {unknown}
 L - 2 potions of brilliance
Comestibles
 b - 2 bread rations
 f - a royal jelly


   Skills:
 + Level 10.3 Fighting
   Level 4.3(8.0) Axes
 + Level 10.4(10.7) Maces & Flails
 + Level 1.3(3.0) Polearms
 + Level 11.6 Armour
 + Level 6.0 Dodging
 + Level 1.0 Stealth


You had 9 spell levels left.
You didn't know any spells.

Dungeon Overview and Level Annotations

Branches:
Dungeon (8/15)             Temple (1/1) D:4            Lair (2/8) D:8

Altars:
Ashenzari
Cheibriados
Dithmenos
Elyvilon
Fedhas
Gozag
Kikubaaqudgha
Makhleb
Nemelex Xobeh
Okawaru
Qazlal
Ru
Trog
Vehumet
Xom
Zin
The Shining One

Shops:
D:4 *


Innate Abilities, Weirdness & Mutations

You reflexively headbutt those who attack you in melee.
You have a pair of horns on your head.


Message History

The yak is almost dead.
The yak gores you!
* * * LOW HITPOINT WARNING * * *
You bludgeon the yak!!
You kill the yak!
Trog accepts your kill. The yak gores you.
* * * LOW HITPOINT WARNING * * *
You bludgeon the yak!! Your headbutt misses the yak.
The yak is heavily wounded.
The yak barely misses you.
You barely miss the yak. You headbutt the yak!
You kill the yak!
Trog accepts your kill. The yak gores you.
* * * LOW HITPOINT WARNING * * *
The yak gores you.
* * * LOW HITPOINT WARNING * * *
The yak gores you.
You die...

#..............
#.).........>..
#..............
#...............
#......?...#
#....Y....##
##......##......
#.Y.....## #...
#.Y@Y....##.....
#..........#....
#...............
#P......#.P......
#P.......###.....
###....### .#...
#....## ###..
#..... #...P.


You could see 4 yaks.

Vanquished Creatures
  A hydra (Lair:2)
  2 spiny frogs
  A komodo dragon (Lair:1)
  A fire drake (D:8)
  Prince Ribbit (D:7)
  A spriggan (D:7)
  2 hippogriffs
  A basilisk (Lair:2)
  A hungry ghost (D:8)
  8 yaks
  The ghost of krabocopter the Magician, an average DrCj (D:4)
  A water moccasin (Lair:1)
  Duvessa (D:5)
  3 porcupines (Lair:1)
  3 crocodiles
  4 ogres
  8 giant frogs
  2 big kobolds (D:8)
  Dowan (D:5)
  A scorpion (D:4)
  A crimson imp (D:4)
  A jelly (D:7)
  A giant frog zombie (D:7)
  2 iguanas
  An orc priest (D:5)
  4 worker ants
  2 hounds
  An orc wizard (D:3)
  A hound skeleton (D:6)
  7 gnolls
  A worker ant zombie (D:7)
  Robin (D:2)
  12 adders
  15 river rats
  3 shadow imps
  An ooze (D:5)
  An adder zombie (D:5)
  A worm (D:2)
  21 orcs
  2 ball pythons
  18 hobgoblins
  6 jackals
  7 quokkas
  13 bats
  4 giant cockroaches
  11 giant geckos
  4 giant newts
  24 goblins
  23 kobolds
  A quokka skeleton (D:5)
  15 rats
  A fungus (Lair:1)
250 creatures vanquished.

Notes
Turn   | Place    | Note
--------------------------------------------------------------
     0 | D:1      | Upjohns, the Minotaur Berserker, began the quest for the Orb.
     0 | D:1      | Reached XP level 1. HP: 19/19 MP: 0/0
    35 | D:1      | You fall through a shaft!
   296 | D:2      | Reached skill level 4 in Fighting
   308 | D:2      | Reached XP level 2. HP: 27/27 MP: 1/1
   354 | D:2      | Noticed Robin
   365 | D:2      | Killed Robin
   366 | D:2      | Reached XP level 3. HP: 27/34 MP: 2/2
   376 | D:2      | Acquired Trog's second power
   905 | D:1      | Reached XP level 4. HP: 33/41 MP: 3/3
  2185 | D:3      | Reached skill level 5 in Fighting
  2191 | D:3      | Reached XP level 5. HP: 48/48 MP: 4/4
  2413 | D:3      | Reached skill level 1 in Polearms
  3126 | D:3      | Found a white marble altar of Elyvilon.
  3255 | D:4      | Acquired Trog's third power
  3271 | D:4      | Reached XP level 6. HP: 19/56 MP: 5/5
  3524 | D:4      | Found a sparkling altar of Nemelex Xobeh.
  3609 | D:4      | Noticed krabocopter's ghost (average DrCj)
  3614 | D:4      | Reached skill level 1 in Maces & Flails
  3628 | D:4      | Killed krabocopter's ghost
  3628 | D:4      | Reached skill level 5 in Armour
  3761 | D:4      | Found Gozag's Platinum Reserve.
  3765 | D:4      | Found an opulent altar of Gozag.
  3852 | D:4      | Reached XP level 7. HP: 61/61 MP: 6/6
  3952 | D:4      | Found a staircase to the Ecumenical Temple.
  3975 | Temple   | Entered the Ecumenical Temple
  4254 | D:4      | Noticed an ogre
  4259 | D:4      | Killed an ogre
  4304 | D:5      | Entered Level 5 of the Dungeon
  4432 | D:5      | Reached skill level 6 in Fighting
  4473 | D:5      | Found a sparkling altar of Nemelex Xobeh.
  4517 | D:5      | Noticed Duvessa
  4518 | D:5      | Noticed Dowan
  4524 | D:5      | Killed Dowan
  4529 | D:5      | Killed Duvessa
  5008 | D:5      | Found a snail-covered altar of Cheibriados.
  5507 | D:5      | Reached XP level 8. HP: 51/71 MP: 7/7
  5671 | D:5      | Found a bloodstained altar of Trog.
  6926 | D:7      | Reached skill level 5 in Maces & Flails
  6926 | D:7      | Reached skill level 7 in Armour
  6972 | D:7      | Reached skill level 5 in Dodging
  7588 | D:7      | Noticed Prince Ribbit
  7595 | D:7      | Killed Prince Ribbit
  7595 | D:7      | Reached skill level 8 in Armour
  8086 | D:8      | Reached XP level 9. HP: 73/79 MP: 8/8
  8194 | D:8      | Noticed a fire drake
  8195 | D:8      | Found a staircase to the Lair.
  8209 | D:8      | Killed a fire drake
  8209 | D:8      | Reached skill level 9 in Armour
  8263 | Lair:1   | Entered Level 1 of the Lair of Beasts
  8428 | Lair:1   | Noticed a spiny frog
  8436 | Lair:1   | Killed a spiny frog
  8436 | Lair:1   | Reached skill level 1 in Stealth
  8451 | Lair:1   | Noticed a komodo dragon
  8459 | Lair:1   | Killed a komodo dragon
  8666 | Lair:1   | Reached skill level 10 in Armour
  8668 | Lair:1   | Reached XP level 10. HP: 70/91 MP: 9/9
  9679 | Lair:2   | Received a gift from Trog
  9701 | Lair:2   | Reached skill level 11 in Armour
  9704 | Lair:2   | Reached skill level 10 in Fighting
  9704 | Lair:2   | Reached skill level 10 in Maces & Flails
  9710 | Lair:2   | Noticed a six-headed hydra
  9721 | Lair:2   | Killed a six-headed hydra
  9726 | Lair:2   | HP: 4/141 [yak (4)]
  9726 | Lair:2   | Slain by a yak

Action                   |  1- 3 |  4- 6 |  7- 9 | 10-12 || total
-------------------------+-------+-------+-------+-------++-------
Melee: Hand axe          |    32 |       |       |       ||    32
       Spear             |    31 |    48 |       |       ||    79
       Dagger            |       |    12 |       |       ||    12
       Flail             |       |   114 |   294 |    69 ||   477
       Great mace        |       |       |       |    10 ||    10
Invok: Berserk           |     1 |     2 |     7 |     1 ||    11
  Use: Scroll            |     1 |     4 |     2 |     3 ||    10
       Potion            |       |     6 |     5 |     1 ||    12
  Eat: Pizza             |     1 |       |     2 |       ||     3
       Bread ration      |       |     3 |     3 |     1 ||     7
       Chunk             |       |       |     2 |       ||     2
       Meat ration       |       |       |     1 |       ||     1
